 Dungeon Crawl Stone Soup version 0.23-a0-171-g5ae17c6e89 (webtiles) character file.

2152 PikkenKukken the Cleaver (level 9, -6/82 HPs)
             Began as a Deep Dwarf Fighter on Sept 14, 2018.
             Mangled by an orc warrior
             ... wielding a +0 dire flail
              (7 damage)
             ... on level 6 of the Dungeon.
             The game lasted 00:08:43 (4620 turns).

PikkenKukken the Cleaver (Deep Dwarf Fighter)       Turns: 4620, Time: 00:08:44

Health: -6/82      AC:  9    Str: 22    XL:     9   Next: 10%
Magic:  8/8        EV:  7    Int: 10    God:
Gold:   435        SH:  9    Dex: 12    Spells: 8/8 levels left

rFire    . . .     SeeInvis .   a - +0 war axe
rCold    . . .     Gourm    .   c - +0 shield
rNeg     . . .     Faith    .   b - +1 scale mail
rPois    .         Spirit   .   (no helmet)
rElec    .         Reflect  .   (no cloak)
rCorr    .         Harm     .   (no gloves)
MR       +....                  (no boots)
Stlth    ..........             (no amulet)
HPRegen  0.00/turn              (no ring)
MPRegen  0.11/turn              (no ring)

@: non-regenerating
A: damage resistance, heal wounds, sense surroundings 2, no regeneration
a: Heal Wounds


You were on level 6 of the Dungeon.
You were not hungry.

You visited 1 branch of the dungeon, and saw 7 of its levels.

You collected 435 gold pieces.

Inventory:

Hand Weapons
 a - a +0 war axe (weapon)
Armour
 b - a +1 scale mail (worn)
 c - a +0 shield (worn)
Jewellery
 g - an uncursed amulet of magic regeneration
Scrolls
 h - a scroll of teleportation
 i - a scroll of blinking
 l - a scroll of remove curse
 o - a scroll of identify
Potions
 d - a potion of flight {unknown}
 e - a potion of curing
 k - a potion of haste
 m - a potion of magic
 n - 2 potions of lignification {unknown}
Comestibles
 f - 10 rations
 p - 4 chunks of flesh


   Skills:
 + Level 6.1 Fighting
 * Level 9.6 Axes
 + Level 7.3 Armour
 - Level 3.2 Shields


You had 8 spell levels left.
You didn't know any spells.
Your spell library contained the following spells:

 Spells                   Type           Power        Failure   Level  Hunger
 Animate Skeleton         Necr           N/A          99%         1    ##.....
 Beastly Appendage        Tmut           #.....       99%         1    ##.....
 Pain                     Necr           #...         99%         1    ##.....
 Summon Small Mammal      Summ           #...         99%         1    ##.....
 Call Imp                 Summ           #.......     99%         2    ###....
 Sticks to Snakes         Tmut           #.......     99%         2    ###....
 Call Canine Familiar     Summ           #.......     100%        3    ####...
 Spider Form              Tmut/Pois      #.........   100%        3    ####...
 Summon Guardian Golem    Hex/Summ       #.......     100%        3    ####...
 Vampiric Draining        Necr           #.........   100%        3    ####...
 Animate Dead             Necr           N/A          100%        4    #####..
 Ice Form                 Ice/Tmut       #.......     100%        4    #####..
 Summon Ice Beast         Ice/Summ       #.......     100%        4    #####..
 Summon Lightning Spire   Summ/Air       #.......     100%        4    #####..
 Blade Hands              Tmut           #.........   100%        5    ######.
 Regeneration             Chrm/Necr      Unusable     N/A         3    N/A

Dungeon Overview and Level Annotations

Branches:
Dungeon (7/15)
 Temple: D:4-7

Altars:
Ashenzari
Dithmenos
Gozag
Hepliaklqana
Nemelex Xobeh
Uskayaw
Vehumet
Yredelemnul
Zin
The Shining One

Shops:
D:5 =


Innate Abilities, Weirdness & Mutations

You are resistant to damage.
You can heal yourself by infusing magical energy.
You passively map the area around you.
You do not regenerate.


Message History

You feel much better.
The orc warrior hits you with a dire flail!!
* * * LOW HITPOINT WARNING * * *
You feel much better.
The orc warrior hits you with a dire flail.
You barely miss the orc warrior.
The orc warrior is moderately wounded.
You block the orc warrior's attack.
You hit the orc warrior.
The orc warrior is heavily wounded.
The orc warrior hits you with a dire flail!!
* * * LOW HITPOINT WARNING * * *
You closely miss the orc warrior.
The orc warrior is heavily wounded.
The orc warrior hits you with a dire flail!!
* * * LOW HITPOINT WARNING * * *
You slash the orc warrior!
The orc warrior is almost dead.
The orc warrior hits you with a dire flail!
You die...

# ##.....## #.###.# #.#.#### ##
##.......## #.....# #.#.##..
.####.........####...#####.#.##..
....'.........'..................
.####.........####.........#.....
## ##.......## ##..##########.# #
##.....## ##.# #.# # ##...##
#####.##### #.# # ##+##
#@........# ##.# ####### #.#
#o###.###.# #... ...##.###.# #>#
#..##.# #... ...##.....## #.#
##.##.# #... ...##..#...##
#.####.##.# ##.# ............#
#.........# #.# ....##.._..##
######.#### ####.#
....##.#..###########.# #.....
....##.#..............# #.##..


You could see an orc warrior.

Vanquished Creatures
  Menkaure (D:6)
  A black bear (D:6)
  An ice beast (D:7)
  2 sky beasts
  2 phantoms (D:5)
  A necrophage (D:6)
  3 ogres
  4 bullfrogs (D:6)
  2 scorpions
  4 howler monkeys
  2 bullfrog zombies
  A crimson imp (D:5)
  A hound (D:6)
  An orc priest (D:5)
  2 bullfrog skeletons (D:6)
  8 orc wizards
  3 worker ants
  8 adders
  A shadow imp (D:5)
  An ooze (D:4)
  3 worms (D:2)
  3 dart slugs
  3 leopard geckos
  7 orcs
  3 ball pythons
  5 giant cockroaches
  8 goblins
  2 hobgoblins
  4 jackals (D:2)
  4 kobolds
  2 quokkas
  6 bats
  5 frilled lizards
  A leopard gecko skeleton (D:6)
  A leopard gecko zombie (D:6)
  A quokka zombie (D:5)
  7 rats
  A spectral orc (D:2)
115 creatures vanquished.

Notes
Turn   | Place    | Note
-------+----------+-------------------------------------------
     0 | D:1      | PikkenKukken the Deep Dwarf Fighter began the quest for the
                  | Orb.
     0 | D:1      | Reached XP level 1. HP: 20/20 MP: 1/1
   157 | D:1      | Reached XP level 2. HP: 22/27 MP: 2/2
   589 | D:2      | Reached skill level 3 in Axes
   614 | D:2      | Reached XP level 3. HP: 22/34 MP: 3/3
   933 | D:2      | Found a basalt altar of Yredelemnul.
  1003 | D:2      | Found a hide-covered altar of Uskayaw.
  1351 | D:3      | Reached XP level 4. HP: 42/42 MP: 4/4
  1676 | D:3      | Found a glowing silver altar of Zin.
  1676 | D:3      | Noticed an angel
  1989 | D:3      | Found a radiant altar of Vehumet.
  2041 | D:3      | Reached skill level 4 in Axes
  2228 | D:4      | Noticed an ogre
  2233 | D:4      | Killed an ogre
  2233 | D:4      | Reached XP level 5. HP: 14/49 MP: 5/5
  2243 | D:4      | Reached skill level 5 in Axes
  2297 | D:4      | Reached XP level 6. HP: 35/57 MP: 6/6
  2390 | D:4      | Found an opulent altar of Gozag.
  2747 | D:5      | Entered Level 5 of the Dungeon
  2751 | D:5      | Reached skill level 6 in Axes
  2751 | D:5      | Reached skill level 5 in Armour
  2770 | D:5      | Reached XP level 7. HP: 61/64 MP: 7/7
  2809 | D:5      | Found Vyetuosa's Jewellery Shop.
  3030 | D:5      | Found a sparkling altar of Nemelex Xobeh.
  3031 | D:5      | Reached skill level 7 in Axes
  3367 | D:5      | Found a hazy altar of Hepliaklqana.
  3422 | D:5      | Reached skill level 5 in Fighting
  3422 | D:5      | Reached XP level 8. HP: 36/74 MP: 8/8
  3649 | D:6      | Found a shadowy altar of Dithmenos.
  3668 | D:6      | Found a shattered altar of Ashenzari.
  3787 | D:6      | Reached skill level 8 in Axes
  3808 | D:6      | Found a glowing golden altar of the Shining One.
  4210 | D:6      | Reached skill level 9 in Axes
  4581 | D:7      | Gained mutation: You passively map the area around you.
                  | [Deep Dwarf growth]
  4581 | D:7      | Reached XP level 9. HP: 43/80 MP: 8/8
  4601 | D:7      | Noticed Menkaure
  4611 | D:6      | Killed Menkaure
  4619 | D:6      | HP: 1/82 [orc warrior/dire flail (21)]
  4620 | D:6      | Mangled by an orc warrior

Vault maps used:
D:1:      dpeg_arrival_long_road
D:2:      yredelemnul_forgotten_temple_becter, lemuel_crystal_altar,
          first_ration, hangedman_decor_riveting
D:3:      zin_angel, overflow_temple_1_default
D:4:      nicolae_gozag_cash_rules_everything_around_me,
          kennysheep_generic_room_15
D:5:      kennysheep_little_box, nemelex_altar_shiori, serial_shops, shop,
          minmay_misc_feat_alley
D:6:      nicolae_overflow_crystal_walls, overflow_temple_1_default,
          tso_metal_star
D:7:      gammafunk_temple_overflow_pools, minmay_temple_entry_grid,
          uniq_menkaure

Skill      XL: |  1  2  3  4  5  6  7  8 |
---------------+-------------------------+-----
Axes           | 3 4 5 6 7 9 |  9.6
Fighting       | 3 4 5 6 |  6.1
Armour         | 4 5 6 7 |  7.3
Shields        | |  3.2

Action                   |  1- 3 |  4- 6 |  7- 9 || total
-------------------------+-------+-------+-------++-------
Melee: War axe           |   147 |    94 |   268 ||   509
 Abil: Heal Wounds       |     1 |     4 |     8 ||    13
  Use: Scroll            |     5 |     5 |     4 ||    14
       Potion            |       |     2 |     1 ||     3
  Eat: Chunk             |     2 |     4 |     7 ||    13
Armor: Scale mail        |    71 |    53 |   107 ||   231
Dodge: Dodged            |    36 |    18 |    68 ||   122
Block: Shield            |    85 |    39 |   106 ||   230

Table legend:
 A = Non-vault XP
 B = Vault XP
 C = Vault XP percentage of total XP
 D = Non-vault monster count
 E = Vault monster count
 F = Vault count percentage of total count
                 A         B        C        D         E       F
            +---------+---------+-------+---------+---------+-------
      Total |    2905 |     170 |   5.5 |     113 |       2 |   1.7
            +---------+---------+-------+---------+---------+-------
        D:1 |      25 |       0 |   0.0 |      16 |       0 |   0.0
        D:2 |      64 |       1 |   1.5 |      24 |       1 |   4.0
        D:3 |      54 |       0 |   0.0 |      13 |       0 |   0.0
        D:4 |     430 |       0 |   0.0 |      17 |       0 |   0.0
        D:5 |     967 |       0 |   0.0 |      21 |       0 |   0.0
        D:6 |    1233 |     169 |  12.1 |      21 |       1 |   4.5
        D:7 |     132 |       0 |   0.0 |       1 |       0 |   0.0
            +---------+---------+-------+---------+---------+-------
